 Dungeon Crawl Stone Soup version 0.24-a0-423-g6870c0f642 (webtiles) character file.

Game seed: 929648439267981560

123566 gnuif the Impaler (level 16, -1/174 HPs)
             Began as an Ogre Monk on June 12, 2019.
             Was an Elder of Qazlal.
             Slain by an alligator (26 damage)
             ... led by an alligator
             ... on level 2 of the Swamp on June 13, 2019.
             The game lasted 06:27:27 (55431 turns).

gnuif the Impaler (Ogre Monk)                      Turns: 55431, Time: 06:27:27

Health: -1/174     AC:  7    Str: 21    XL:     16   Next: 90%
Magic:  0/29       EV: 15    Int: 11    God:    Qazlal [****..]
Gold:   2098       SH:  5    Dex: 14    Spells: 15/15 levels left

rFire    + . .     SeeInvis .   q - +5 scythe "Finisher" {speed, eviscerate}
rCold    + . .     Gourm    .   (shield currently unavailable)
rNeg     . . .     Faith    .   k - +2 robe {rC+}
rPois    +         Spirit   +   j - +2 hat {MR+}
rElec    +         Reflect  .   y - scarf {Spirit}
rCorr    .         Harm     +   (gloves unavailable)
MR       ++++.                  (boots unavailable)
Stlth    +.........             C - amulet "Kimussat" {Harm *Drain rElec MR++ MP+9 Str-2}
HPRegen  0.39/turn              M - ring of protection from fire
MPRegen  0.21/turn              h - ring of poison resistance

@: repel missiles
A: large, unfitting armour, agile 1, blink, tough skin 1
a: Blink, Upheaval, Elemental Force, Renounce Religion


You were on level 2 of the Swamp.
You worshipped Qazlal.
Qazlal was greatly pleased with you.
You were not hungry.

You visited 6 branches of the dungeon, and saw 27 of its levels.

You collected 2593 gold pieces.
You spent 495 gold pieces at shops.

Inventory:

Hand Weapons
 d - a +4 war axe of freezing
 o - a +2 dire flail of protection
 q - the +5 scythe "Finisher" (weapon) {speed, eviscerate}
   (You found it on level 5 of the Lair of Beasts)

   Attacks with this weapon are significantly faster.
 G - a +0 giant club
 I - the +5 falchion "Bodamoxt" {antimagic, rPois rF+ rC- Int+4}
   (You found it on level 8 of the Dungeon)

   It reduces the magical energy of the wielder, and disrupts the spells and
   magical abilities of those hit.
   Natural abilities and divine invocations are not affected.
   It affects your intelligence (+4).
   It protects you from fire.
   It makes you vulnerable to cold.
   It protects you from poison.
Missiles
 W - 33 boomerangs
 Y - 20 large rocks (quivered)
Armour
 j - a +2 hat of magic resistance (worn)
 k - a +2 robe of cold resistance (worn)
 y - a scarf of spirit shield (worn)
 D - a +2 robe of the Archmagi
 Q - a +2 large shield
Jewellery
 e - an uncursed ring of protection from magic
 h - a ring of poison resistance (right hand)
 u - an uncursed ring of wizardry
 C - the amulet "Kimussat" (around neck) {Harm *Drain rElec MR++ MP+9 Str-2}
   (You found it on level 4 of the Dungeon)

   [amulet of harm]

   It increases damage dealt and taken.
   It affects your strength (-2).
   It insulates you from electricity.
   It affects your resistance to hostile enchantments.
   It affects your magic capacity (+9).
   It causes draining when unequipped.
 M - a ring of protection from fire (left hand)
 N - an uncursed ring of protection from magic
 O - a +4 ring of dexterity
 P - an uncursed ring of positive energy
 T - an uncursed ring of protection from fire
Wands
 f - a wand of digging (10)
 z - a wand of polymorph (13)
 A - a wand of disintegration (11)
 H - a wand of enslavement (8)
 K - a wand of paralysis (29)
 L - a wand of acid (13)
 S - a wand of clouds (6)
 X - a wand of iceblast (18)
Scrolls
 a - 8 scrolls of enchant weapon
 g - 4 scrolls of fear
 n - 3 scrolls of teleportation
 s - 4 scrolls of magic mapping
 w - 9 scrolls of remove curse
 E - 2 scrolls of immolation
 R - a scroll of fog
 U - 5 scrolls of identify
 Z - a scroll of enchant armour
Potions
 b - 3 potions of flight
 i - 6 potions of lignification
 l - 4 potions of ambrosia
 m - 3 potions of brilliance
 p - 3 potions of agility
 t - 2 potions of magic
 v - a potion of haste
 x - 4 potions of cancellation
 B - 4 potions of curing
 F - 2 potions of invisibility
 J - 4 potions of might
 V - a potion of experience {unknown}
Comestibles
 c - 29 rations
 r - 3 chunks of flesh


   Skills:
 + Level 14.3 Fighting
 - Level 6.4(15.4) Axes
 - Level 14.9(15.2) Maces & Flails
 * Level 15.4(15.9) Polearms
 - Level 9.3 Throwing
 + Level 9.3 Dodging
 - Level 1.4 Stealth
 - Level 3.4 Shields
 * Level 6.0 Invocations
 - Level 0.4 Evocations


You had 15 spell levels left.
You didn't know any spells.
Your spell library contained the following spells:

 Spells                   Type           Power        Failure   Level  Hunger
 Animate Skeleton         Necr           N/A          34%         1    ##.....
 Apportation              Tloc           #.....       34%         1    ##.....
 Confusing Touch          Hex            #.....       34%         1    ##.....
 Sandblast                Erth           #.....       34%         1    ##.....
 Sting                    Conj/Pois      #...         34%         1    ##.....
 Summon Small Mammal      Summ           #...         34%         1    ##.....
 Blink                    Tloc           N/A          47%         2    ###....
 Call Imp                 Summ           #.......     47%         2    ###....
 Corpse Rot               Necr           N/A          47%         2    ###....
 Passwall                 Tmut/Erth      #.......     47%         2    ###....
 Poisonous Vapours        Pois/Air       #.....       47%         2    ###....
 Shroud of Golubria       Chrm/Tloc      #.....       47%         2    ###....
 Sublimation of Blood     Necr           #.........   47%         2    ###....
 Swiftness                Chrm/Air       #.......     47%         2    ###....
 Call Canine Familiar     Summ           #.......     71%         3    ####...
 Confuse                  Hex            #.......     71%         3    ####...
 Gell's Gravitas          Tloc           #.........   71%         3    ####...
 Ignite Poison            Fire/Tmut/Pois #.......     71%         3    ####...
 Lesser Beckoning         Tloc           #.........   71%         3    ####...
 Mephitic Cloud           Conj/Pois/Air  #.......     71%         3    ####...
 Stone Arrow              Conj/Erth      #.....       71%         3    ####...
 Summon Guardian Golem    Hex/Summ       #.......     71%         3    ####...
 Teleport Other           Tloc           #.......     71%         3    ####...
 Leda's Liquefaction      Hex/Erth       #.........   98%         4    #####..
 Olgreb's Toxic Radiance  Pois           #.......     98%         4    #####..
 Passage of Golubria      Tloc           N/A          98%         4    #####..
 Petrify                  Tmut/Erth      #.......     98%         4    #####..
 Summon Ice Beast         Ice/Summ       #.......     98%         4    #####..
 Summon Lightning Spire   Summ/Air       #.......     98%         4    #####..
 Alistair's Intoxication  Tmut/Pois      #.......     100%        5    ######.
 Fireball                 Conj/Fire      #.........   100%        5    ######.
 Irradiate                Conj/Tmut      #.........   100%        5    ######.
 Lee's Rapid Deconstruct  Erth           #.........   100%        5    ######.
 Metabolic Englaciation   Hex/Ice        #.........   100%        5    ######.
 Summon Forest            Summ/Tloc      #.........   100%        5    ######.
 Venom Bolt               Conj/Pois      #.........   100%        5    ######.
 Yara's Violent Unravell  Hex/Tmut       #.........   100%        5    ######.
 Bolt of Fire             Conj/Fire      #.........   100%        6    #######
 Darkness                 Hex            #.........   100%        6    #######
 Hydra Form               Tmut           #.........   100%        6    #######
 Invisibility             Hex            #.......     100%        6    #######
 Statue Form              Tmut/Erth      #........    100%        6    #######
 Dragon Form              Tmut           #.........   100%        7    #######
 Ring of Flames           Chrm/Fire      #.........   100%        7    #######
 Summon Hydra             Summ           #.........   100%        7    #######
 Ignition                 Fire           #.........   100%        8    #######


Dungeon Overview and Level Annotations

Branches:
Dungeon (15/15)            Temple (1/1) D:5            Lair (6/6) D:10
  Swamp (2/4) Lair:4       Spider (0/4) Lair:2        Slime (0/5) Lair:5
    Orc (2/2) D:12            Elf (1/3) Orc:2        Vaults (0/5) D:13
 Depths (0/5) D:15

Altars:
Ashenzari
Cheibriados
Dithmenos
Elyvilon
Fedhas
Gozag
Hepliaklqana
Kikubaaqudgha
Makhleb
Nemelex Xobeh
Okawaru
Qazlal
Ru
Sif Muna
Trog
Uskayaw
Vehumet
Wu Jian
Xom
Yredelemnul
Zin
The Shining One

Shops:
D:9 =   D:14 :   Orc:2 *(*!

Portals:
Hell: Lair:6

Annotations:
D:10 , 8 headed hydra
Elf:1 exclusion: Roxanne, Roxanne


Innate Abilities, Weirdness & Mutations

You are too large for most types of armour.
You have tough skin. (AC +1)
You are agile. (Dex +2)
You can translocate small distances at will.


Message History

Found 9 arrows, 9 gold pieces, a robe and a hardcover book.
You start resting.
The vampire mosquito is too close now for your liking.
You closely miss the vampire mosquito.
The vampire mosquito bites you but does no damage.
You slice the vampire mosquito!!
You destroy the vampire mosquito!
Qazlal accepts your kill.
The vampire mosquito closely misses you.
You barely miss the vampire mosquito. The vampire mosquito bites you!
* * * LOW HITPOINT WARNING * * *
The vampire mosquito draws strength from your injuries!
The vampire mosquito bites you but does no damage.
You barely miss the vampire mosquito. The vampire mosquito misses you.
You slash the vampire mosquito!
You blow up the vampire mosquito!
Qazlal accepts your kill.
You hear a splash.
The alligator is struck by lightning.
The alligator bites you!!
You die...

.≈♣♣ .≈.♣ ..♣ ♣≈.♣♣ ♣
...♣♣ ♣§..♣♣ ≈≈≈ ♣≈≈.♣♣
.y..>♣≈≈≈≈≈♣ ≈..♣.♣ .
♣...≈≈≈≈≈≈≈≈♣ ♣≈≈.♣ ≈≈
♣♣w.♣≈≈≈≈≈≈♣. ♣≈..♣♣≈≈.
♣.t..♣♣≈≈≈♣..♣♣♣♣t≈%.≈.≈≈
.yy♣..♣≈≈≈..≈.♣♣@○≈≈♣≈..≈
♣..≈≈≈......≈.[♣♣.°.≈≈...
♣..≈(≈..$y(.≈≈...♣≈..[.♣♣
.............≈≈...≈≈.(♣♣
...≈..............≈≈≈.♣
§..≈..♣..≈≈♣♣♣..♣.≈.≈.♣
≈≈≈≈.♣♣.≈. ♣♣..≈≈.♣$.♣
.♣♣≈.♣♣♣. ♣♣.≈≈...♣♣ ≈
≈≈♣ ♣ ≈≈.≈.≈.


You could see an alligator.

Vanquished Creatures
  Gastronok (Lair:2)
  A thorn hunter (Swamp:2)
  Kirke (Lair:4)
  Louise (Elf:1)
  An orc warlord (D:12)
  A stone giant (Orc:2)
  A dire elephant (Lair:6)
  The ghost of dracomuter the Basher, a journeyman TrCK of Xom (D:10)
  13 hydras
  A vault guard (D:13)
  7 centaur warriors
  A catoblepas (Lair:4)
  5 two-headed ogres
  6 alligators
  2 dancing weapons
  A shambling mangrove (Lair:4)
  An ogre mage (D:15)
  2 death yaks
  A death knight (D:12)
  5 orc high priests
  2 deep elf knights
  A sun demon (Lair:6)
  2 unseen horrors (D:12)
  A swamp dragon (Swamp:2)
  A lindwurm (Lair:4)
  4 wizards
  Pikel (D:5)
  A phantasmal warrior (D:11)
  6 orc knights
  2 wolf spiders (Lair:2)
  16 elephants
  11 ugly things
  The ghost of Xenophilius the Conjurer, a novice HuCj of Ru (D:5)
  5 orc sorcerers
  8 deep elf magi
  3 centaur zombies
  A naga mage (D:15)
  5 cyclopes
  Joseph (D:9)
  2 torpor snails
  3 gargoyles
  Psyche (D:8)
  3 black mambas
  2 orange demons (Lair:6)
  9 spiny frogs
  4 rime drakes
  2 centaur skeletons
  9 komodo dragons
  A hellwing (Lair:6)
  An ice devil (Lair:6)
  A queen bee (Lair:1)
  A polar bear (Lair:5)
  2 red devils (Lair:6)
  A tengu conjurer (D:13)
  Prince Ribbit (D:8)
  A jumping spider (Lair:2)
  A bog body (Swamp:1)
  4 slime creatures (Swamp:1)
  A wolf spider simulacrum (D:15)
  2 tyrant leeches (Swamp:2)
  6 trolls
  10 blink frogs
  5 hornets
  6 hippogriffs
  2 redbacks (Lair:2)
  3 centaur simulacra
  2 spriggans (Swamp:1)
  2 water elementals
  A shadow (Swamp:1)
  71 yaks
  3 wyverns
  Grum (D:9)
  A fire elemental (Orc:2)
  3 wraiths
  5 hungry ghosts
  9 hogs
  A human (D:7)
  5 basilisks
  A steam dragon (Lair:2)
  15 vampire mosquitoes
  A redback simulacrum (D:14)
  7 swamp worms
  2 acid dragons (D:15)
  A warg (Orc:2)
  6 insubstantial wisps
  5 hell hounds
  12 water moccasins
  5 porcupines
  34 orc warriors
  A swamp drake (Swamp:1)
  5 ice beasts
  An eye of draining (D:13)
  A sky beast (D:10)
  3 phantoms
  15 ogres
  38 centaurs
  7 wolves
  15 crocodiles
  2 big kobolds
  18 bullfrogs
  2 scorpions
  39 killer bees
  An electric eel (Lair:4)
  A spectral bullfrog (D:10)
  6 howler monkeys
  4 crimson imps
  A wyvern simulacrum (D:14)
  6 jellies
  18 orc priests
  7 hounds
  24 orc wizards
  13 worker ants
  Ijyb (D:3)
  2 iguanas
  A bullfrog simulacrum (D:10)
  A hound skeleton (D:9)
  2 worker ant zombies
  A howler monkey zombie (D:11)
  7 gnolls
  12 adders
  A shadow imp (D:12)
  2 oozes
  An adder zombie (D:9)
  An adder skeleton (D:5)
  2 dart slugs (D:1)
  3 worms
  5 leopard geckos
  91 orcs
  3 ball pythons
  10 bats
  5 giant cockroaches
  7 hobgoblins
  2 jackals (D:6)
  17 kobolds
  10 quokkas
  3 frilled lizards
  15 goblins
  2 quokka skeletons
  3 rats
  3 fungi
  24 plants
867 creatures vanquished.

Vanquished Creatures (collateral kills)
  2 hydras
2 creatures vanquished.

Vanquished Creatures (others)
  A swamp drake (Swamp:2)
  6 fungi
  4 plants
11 creatures vanquished.

Grand Total: 880 creatures vanquished

Notes
Turn   | Place    | Note
-------+----------+-------------------------------------------
     0 | D:1      | gnuif the Ogre Monk began the quest for the Orb.
     0 | D:1      | Reached XP level 1. HP: 24/24 MP: 1/1
   146 | D:1      | Reached XP level 2. HP: 32/33 MP: 2/2
   501 | D:1      | Reached XP level 3. HP: 32/40 MP: 3/3
  1854 | D:2      | Reached XP level 4. HP: 44/49 MP: 4/4
  2288 | D:2      | Found a stormy altar of Qazlal.
  2294 | D:2      | Became a worshipper of Qazlal Stormbringer
  2294 | D:2      | Reached * piety under Qazlal
  2294 | D:2      | Reached ** piety under Qazlal
  2376 | D:2      | Reached skill level 5 in Fighting
  2376 | D:2      | Reached skill level 1 in Throwing
  2763 | D:3      | Reached XP level 5. HP: 36/57 MP: 5/5
  3693 | D:4      | Noticed an ogre
  3821 | D:3      | Reached skill level 5 in Axes
  3821 | D:3      | Reached XP level 6. HP: 31/66 MP: 4/6
  4044 | D:4      | Noticed Ijyb
  4202 | D:3      | Paralysed by Ijyb for 4 turns
  4216 | D:3      | Killed Ijyb
  4299 | D:4      | Got a twitching steel amulet
  4326 | D:4      | You fall into a shaft and drop 2 floors!
  4720 | D:5      | Entered Level 5 of the Dungeon
  4720 | D:5      | Found a shattered altar of Ashenzari.
  4720 | D:5      | Noticed an ice beast
  4843 | D:5      | Reached XP level 7. HP: 59/72 MP: 5/7
  5588 | D:5      | Found a staircase to the Ecumenical Temple.
  6668 | D:5      | Identified the amulet "Kimussat" {Harm *Drain rElec MR++
                  | MP+9 Str-2} (You found it on level 4 of the Dungeon)
  6762 | D:5      | Found a shadowy altar of Dithmenos.
  6763 | D:5      | Found a shimmering altar of Xom.
  6967 | D:5      | Found a runed translucent door.
  6969 | D:5      | Noticed Xenophilius's ghost (novice HuCj)
  7221 | D:5      | Killed Xenophilius's ghost
  7221 | D:5      | Reached XP level 8. HP: 65/84 MP: 6/8
  7392 | D:6      | Found an ornate altar of the Wu Jian Council.
  7449 | Temple   | Entered the Ecumenical Temple
  7564 | D:6      | Noticed Pikel
  7832 | D:5      | Killed Pikel
  7832 | D:5      | Reached skill level 5 in Maces & Flails
  7832 | D:5      | Reached XP level 9. HP: 68/93 MP: 6/9
  7935 | D:6      | Reached *** piety under Qazlal
  8328 | D:6      | Upgraded the game from 0.24-a0-422-g9eff3895ba to
                  | 0.24-a0-423-g6870c0f642
  8651 | D:6      | Found a basalt altar of Yredelemnul.
  9713 | D:7      | Reached skill level 5 in Throwing
  9754 | D:7      | Found a sacrificial altar of Ru.
 10575 | D:7      | Reached skill level 5 in Dodging
 10575 | D:7      | Reached XP level 10. HP: 92/104 MP: 8/10
 10726 | D:8      | Got a faintly glowing falchion
 10727 | D:8      | Identified the +5 falchion "Bodamoxt" {antimagic, rPois rF+
                  | rC- Int+4} (You found it on level 8 of the Dungeon)
 11956 | D:9      | Found Nypemm's Jewellery Shoppe.
 11958 | D:9      | Noticed Grum
 11983 | D:9      | Noticed Psyche
 12237 | D:8      | Killed Psyche
 12356 | D:9      | Killed Grum
 12526 | D:9      | Noticed Joseph
 12550 | D:9      | Killed Joseph
 12622 | D:9      | Noticed Prince Ribbit
 13031 | D:9      | Reached **** piety under Qazlal
 13031 | D:9      | Reached skill level 10 in Maces & Flails
 13319 | D:9      | Reached skill level 1 in Shields
 13594 | D:9      | Reached XP level 11. HP: 66/113 MP: 8/11
 13955 | D:10     | Entered Level 10 of the Dungeon
 13955 | D:10     | Found an iron altar of Okawaru.
 14200 | D:10     | Noticed a centaur warrior
 14208 | D:10     | Killed a centaur warrior
 14528 | D:10     | Found a runed translucent gate.
 14621 | D:10     | Found a runed translucent gate.
 14622 | D:10     | Found a runed translucent gate.
 14622 | D:10     | Noticed dracomuter's ghost (journeyman TrCK)
 14665 | D:10     | Found a staircase to the Lair.
 14964 | D:11     | Noticed an eight-headed hydra
 14981 | Lair:1   | Entered Level 1 of the Lair of Beasts
 15209 | D:9      | Bought an uncursed ring of protection from magic for 275
                  | gold pieces
 16431 | Lair:1   | Noticed a four-headed hydra
 16464 | Lair:1   | Killed a four-headed hydra
 16647 | D:10     | Gained mutation: You can translocate small distances at
                  | will. [potion of mutation]
 16647 | D:10     | Gained mutation: You are agile. (Dex +2) [potion of
                  | mutation]
 17363 | Lair:1   | Noticed a four-headed hydra
 17373 | Lair:1   | Killed a four-headed hydra
 18631 | Lair:1   | Reached XP level 12. HP: 124/124 MP: 12/12
 18746 | Lair:2   | Noticed Gastronok
 20040 | Lair:2   | Killed Gastronok
 20040 | Lair:2   | Reached skill level 10 in Fighting
 20222 | Lair:2   | Reached ***** piety under Qazlal
 21049 | Lair:2   | Found a hole to the Spider Nest.
 22407 | Lair:4   | Reached XP level 13. HP: 126/135 MP: 13/13
 22466 | Lair:4   | Noticed Kirke
 23512 | Lair:4   | Found a staircase to the Swamp.
 24829 | Lair:4   | Killed Kirke
 26364 | Lair:5   | Found the +5 scythe "Finisher" {speed, eviscerate}
 26511 | Lair:5   | Found a staircase to the Slime Pits.
 26597 | Lair:5   | Reached skill level 1 in Invocations
 26909 | Lair:6   | Entered Level 6 of the Lair of Beasts
 26950 | Lair:5   | Reached skill level 1 in Polearms
 28164 | D:11     | Reached skill level 2 in Polearms
 28982 | D:12     | Reached skill level 3 in Polearms
 29154 | D:12     | Reached XP level 14. HP: 148/148 MP: 14/14
 29255 | D:12     | Reached skill level 4 in Polearms
 29870 | D:12     | Reached skill level 5 in Polearms
 30701 | D:12     | Reached skill level 6 in Polearms
 31630 | D:12     | Found a staircase to the Orcish Mines.
 32228 | D:13     | Reached skill level 7 in Polearms
 32452 | D:13     | Found a gate to the Vaults.
 33249 | D:13     | Reached skill level 8 in Polearms
 33787 | D:13     | Reached skill level 9 in Polearms
 34985 | D:14     | Found Wefeikeg's Book Shop.
 35192 | D:15     | Entered Level 15 of the Dungeon
 35849 | D:15     | Reached ****** piety under Qazlal
 35860 | D:15     | Reached skill level 10 in Polearms
 36291 | D:15     | Reached XP level 15. HP: 158/158 MP: 16/16
 37221 | D:15     | Reached skill level 11 in Polearms
 38157 | D:15     | Found a staircase to the Depths.
 38831 | Orc:1    | Entered Level 1 of the Orcish Mines
 39282 | Lair:5   | Reached skill level 12 in Polearms
 43001 | Lair:6   | Reached skill level 13 in Polearms
 43159 | Lair:6   | Found a burning altar of Makhleb.
 43884 | Lair:6   | Found a gateway to Hell.
 44367 | Orc:1    | Noticed an orc warlord
 44379 | D:12     | Killed an orc warlord
 44974 | Orc:1    | Found a bloodstained altar of Trog.
 45027 | Orc:1    | You fall into a shaft and drop 1 floor!
 45027 | Orc:2    | Entered Level 2 of the Orcish Mines
 45053 | Orc:1    | Reached XP level 16. HP: 122/170 MP: 19/19
 46180 | Orc:1    | Found a bloodstained altar of Trog.
 46457 | Orc:2    | Found a staircase to the Elven Halls.
 46708 | Orc:2    | Reached skill level 14 in Polearms
 47007 | Orc:2    | Found Oliugar's Assorted Antiques.
 47007 | Orc:2    | Found Zoikucvamoz's Distillery.
 47016 | Orc:2    | Found Poloo's General Store.
 47016 | Orc:2    | Found Kuenukki's Antique Weapon Emporium.
 47802 | Elf:1    | Entered Level 1 of the Elven Halls
 47811 | Orc:2    | Reached skill level 5 in Invocations
 48114 | Elf:1    | Noticed Louise
 48143 | Elf:1    | Killed Louise
 48238 | Elf:1    | Identified Roxanne's Almanac of Earth
 48238 | Elf:1    | Noticed Roxanne
 49922 | D:8      | Killed Prince Ribbit
 50478 | D:10     | Killed dracomuter's ghost
 50769 | Swamp:1  | Entered Level 1 of the Swamp
 50905 | D:9      | Bought an uncursed ring of poison resistance for 220 gold
                  | pieces
 53115 | Swamp:1  | Reached skill level 15 in Polearms
 54059 | Swamp:2  | Noticed a thorn hunter
 54067 | Swamp:2  | Killed a thorn hunter
 55431 | Swamp:2  | Slain by an alligator

Levels and vault maps discovered:
D:1:      roderic_crossed_star, layout_basic
D:2:      layout_loops_ring, lemuel_round_altar, first_ration
D:3:      layout_basic
D:4:      layout_basic, uniq_ijyb
D:5:      layout_loops_ring, minitemple, minmay_temple_entry_slanted,
          gammafunk_ghost_grave, minmay_misc_feat_alley,
          cheibrodos_ashenzari_chains
D:6:      layout_loops_corners, kennysheep_mini, lemuel_crystal_altar,
          uniq_pikel
D:7:      layout_loops_ring, kennysheep_mini_moat, grunt_livestock
D:8:      corexii_shack_village, layout_loops_ring
D:9:      layout_basic, serial_shops, nicolae_shop_crystal, minivault_4,
          uniq_psyche, uniq_prince_ribbit1, uniq_joseph, uniq_grum
D:10:     layout_rooms, lair_entry_dummy, basic_altar,
          gammafunk_ghost_necromancy
D:11:     layout_gridville
D:12:     layout_basic, hiddenorc1_lemuel
D:13:     layout_roguey, david_vaults_5
D:14:     layout_rooms, grunt_decor_cap, serial_shops, shop,
          serial_bayou_lagoon_a
D:15:     grunt_enter_depths_magical_seal, layout_long_grid
Temple:   nicolae_temple_x_marks_the_god
Lair:1:   layout_gridlike, special_room [special_room_bee], wad_woods_road_06
Lair:2:   layout_big_grid, spider_nest_entry_funnel_web, lemuel_fruit_tree,
          uniq_gastronok
Lair:3:   layout_big_grid
Lair:4:   wander_river, layout_regular_city, minmay_swamp_entry_eels, pond,
          serial_bayou_shore_a, infiniplex_staircase_pool_2, uniq_kirke
Lair:5:   layout_misc_corridors, nicolae_slime_entry_slimehenge,
          nicolae_lair_grove_arrangements
Lair:6:   evil_forest, layout_cave_shapes
Swamp:1:  layout_basic_swamp, evilmike_swamp_ruin_rubble_1
Swamp:2:  layout_falls_marsh, hangedman_swamp_diagram, swamp_pool1
Orc:1:    orc_temple, layout_caves, basic_altar, trog_book
Orc:2:    grunt_orc_tribal_feast, layout_diamond_mine
Elf:1:    eino_elf_arrival_shootout, layout_onion_city, orc_legates,
          uniq_roxanne, uniq_louise

Skill      XL: |  1  2  3  4  5  6  7  8  9 10 11 12 13 14 15 16 |
---------------+-------------------------------------------------+-----
Dodging        | 3 4 5 6 7 8 9 |  9.3
Fighting       | 5 6 7 8 9 10 11 12 13 14 | 14.3
Axes           | 4 5 6 |  6.4
Throwing       | 1 2 4 5 6 7 8 9 |  9.3
Maces & Flails | 3 5 8 10 12 13 14 | 14.9
Shields        | 1 2 3 |  3.4
Invocations    | 1 4 6 |  6.0
Polearms       | 3 10 13 15 | 15.4
Stealth        | |  1.4
Evocations     | |  0.4

Action                   |  1- 3 |  4- 6 |  7- 9 | 10-12 | 13-15 | 16-18 || total
-------------------------+-------+-------+-------+-------+-------+-------++-------
Melee: Hand axe          |   123 |   232 |   100 |       |       |       ||   455
       Giant club        |       |       |   172 |   550 |   220 |       ||   942
       Falchion          |       |       |       |    19 |       |       ||    19
       Scythe            |       |       |       |       |   654 |   345 ||   999
       Quarterstaff      |       |       |       |       |     5 |       ||     5
       Dire flail        |       |       |       |       |    38 |       ||    38
Throw: Large rock        |     8 |     6 |    18 |    23 |   170 |   104 ||   329
       Stone             |    12 |    72 |       |    13 |    10 |       ||   107
       Boomerang         |       |       |       |       |     3 |       ||     3
Invok: Upheaval          |       |       |       |     1 |    19 |    13 ||    33
       Elemental Force   |       |       |       |       |     3 |       ||     3
 Abil: Blink             |       |       |       |     1 |    11 |     6 ||    18
Evoke: Wand              |       |       |       |     7 |     1 |       ||     8
  Use: Scroll            |       |     6 |     8 |    14 |     9 |     1 ||    38
       Potion            |       |       |       |     6 |     3 |     3 ||    12
 Stab: Sleeping          |     2 |       |       |       |       |       ||     2
       Confused          |       |       |       |     2 |       |       ||     2
  Eat: Chunk             |     1 |     6 |     9 |    12 |    25 |    11 ||    64
       Ration            |     1 |     1 |     3 |     9 |    14 |     7 ||    35
Armor: Robe              |    38 |    50 |    61 |    82 |   204 |    57 ||   492
Dodge: Dodged            |    61 |   112 |   180 |   295 |   617 |   235 ||  1500
       Deflected         |       |       |       |     4 |    66 |    18 ||    88
Block: Other             |       |    15 |    49 |   127 |   351 |   114 ||   656
       Shield            |       |       |       |    23 |       |       ||    23
       Rpst.: Falchion   |       |       |       |     8 |       |       ||     8

Table legend:
 A = Non-vault XP
 B = Vault XP
 C = Vault XP percentage of total XP
 D = Non-vault monster count
 E = Vault monster count
 F = Vault count percentage of total count
                 A         B        C        D         E       F
            +---------+---------+-------+---------+---------+-------
      Total |  129979 |   46544 |  26.4 |     665 |     178 |  21.1
            +---------+---------+-------+---------+---------+-------
        D:1 |      53 |       0 |   0.0 |      27 |       0 |   0.0
        D:2 |      90 |       0 |   0.0 |      18 |       0 |   0.0
        D:3 |     122 |      36 |  22.8 |      19 |       1 |   5.0
        D:4 |     279 |       0 |   0.0 |       8 |       0 |   0.0
        D:5 |     383 |    1215 |  76.0 |      19 |       2 |   9.5
        D:6 |     661 |       0 |   0.0 |      15 |       0 |   0.0
        D:7 |     981 |     971 |  49.7 |      20 |       5 |  20.0
        D:8 |     602 |     956 |  61.4 |      14 |      11 |  44.0
        D:9 |    2878 |     773 |  21.2 |      25 |       3 |  10.7
       D:10 |    3936 |    1714 |  30.3 |      14 |       9 |  39.1
       D:11 |    5180 |       0 |   0.0 |      34 |       0 |   0.0
       D:12 |   15087 |     181 |   1.2 |      76 |      17 |  18.3
       D:13 |    5151 |    1489 |  22.4 |      29 |       2 |   6.5
       D:14 |   10094 |    3136 |  23.7 |      42 |       6 |  12.5
       D:15 |   10768 |    3191 |  22.9 |      35 |       5 |  12.5
     Lair:1 |    5986 |    1525 |  20.3 |      21 |      22 |  51.2
     Lair:2 |    6214 |    4318 |  41.0 |      23 |       7 |  23.3
     Lair:3 |    1139 |     941 |  45.2 |       4 |       6 |  60.0
     Lair:4 |   11178 |    2763 |  19.8 |      34 |       9 |  20.9
     Lair:5 |   16353 |     547 |   3.2 |      47 |       6 |  11.3
     Lair:6 |    3588 |    9089 |  71.7 |      15 |      23 |  60.5
    Swamp:1 |    9616 |       0 |   0.0 |      25 |       0 |   0.0
    Swamp:2 |    7763 |       0 |   0.0 |      18 |       0 |   0.0
      Orc:1 |    4417 |       0 |   0.0 |      43 |       0 |   0.0
      Orc:2 |    6321 |   10162 |  61.7 |      38 |      35 |  47.9
      Elf:1 |    1139 |    3537 |  75.6 |       2 |       9 |  81.8
            +---------+---------+-------+---------+---------+-------
